 Dungeon Crawl Stone Soup version 0.30-a0-368-g86fb4627a9 (webtiles) character file.

Game seed: 17858782008919056115

273 qeuew the Chopper (level 6, -2/32 HPs)
             Began as a Vine Stalker Fighter on Nov 18, 2022.
             Was an Initiate of Gozag.
             Slain by Menkaure (15 damage)
             ... on level 5 of the Dungeon.
             The game lasted 00:05:36 (3117 turns).

qeuew the Chopper (Vine Stalker Fighter)            Turns: 3117, Time: 00:05:37

Health: -2/32      AC: 10    Str: 21 (22) XL:     6   Next: 23%
Magic:  0/9        EV:  9    Int:  7 (8)  God:    Gozag
Gold:   203        SH: 10    Dex: 14 (15) Spells: 8/8 levels left

rFire   . . .      SeeInvis .    a - +0 war axe
rCold   + . .      Faith    .    c - +0 buckler
rNeg    . . .      Spirit   +    b - +0 scale mail
rPois   .          Reflect  +    (no helmet)
rElec   +          Harm     .    (no cloak)
rCorr   .          Rampage  .    e - +2 pair of gloves of the Wasteland {rElec rC+ Str+3 Stlth+}
Will    .....                    (no boots)
Stlth   +.........               i - amulet of reflection
HPRegen 1.05/turn                d - ring of flight
MPRegen 0.11/turn                (no ring)

@: flying
A: fangs 2, regeneration 1, magic shield, antimagic bite, no potion heal 2,
screaming 1, shaggy fur 1, subdued magic 1
a: Renounce Religion, Potion Petition, Call Merchant, Bribe Branch


You were on level 5 of the Dungeon.
You worshipped Gozag.
Gozag was aware of your devotion.
You visited 2 branches of the dungeon, and saw 6 of its levels.

You collected 270 gold pieces.
You paid 67 gold pieces to Gozag.

Inventory:

Hand Weapons
 a - a +0 war axe (weapon)
Armour
 b - a +0 scale mail (worn)
 c - a +0 buckler (worn)
 e - the +2 pair of gloves of the Wasteland (worn) {rElec rC+ Str+3 Stlth+}
   (You acquired it on level 3 of the Dungeon)

   Str:       It affects your strength (+3).
   rC:        It protects you from cold.
   rElec:     It insulates you from electricity.
   Stlth:     It makes you more stealthy.
Jewellery
 d - a ring of flight (left hand)
 i - an amulet of reflection (around neck)
Wands
 g - a wand of polymorph (6)
Scrolls
 f - 2 scrolls of magic mapping
 h - 3 scrolls of teleportation
Potions
 k - 5 potions of curing


   Skills:
 + Level 3.4 Fighting
 * Level 3.4 Axes
 + Level 3.0 Armour
 + Level 1.3 Dodging
 + Level 3.4 Shields
 + Level 1.9 Spellcasting
 + Level 0.0 Evocations


You had 8 spell levels left.
You didn't know any spells.
Your spell library contained the following spells:

 Spells                   Type           Power      Damage    Failure   Level
 Summon Small Mammal      Summ           0%         N/A       77%         1
 Static Discharge         Conj/Air       0%         2-2/arc   89%         2
 Call Canine Familiar     Summ           0%         N/A       98%         3
 Ozocubu's Armour         Ice            0%         N/A       98%         3
 Summon Guardian Golem    Hex/Summ       0%         N/A       98%         3
 Fireball                 Conj/Fire      0%         3d3       100%        5
 Metabolic Englaciation   Hex/Ice        0%         N/A       100%        5
 Fire Storm               Conj/Fire      0%         5d1       100%        9
 Simulacrum               Ice/Necr       Unusable   N/A       N/A         6

Dungeon Overview and Level Annotations

Branches:
Dungeon (5/15)             Temple (1/1) D:4

Altars:
Cheibriados
Dithmenos
Fedhas
Gozag
Hepliaklqana
Kikubaaqudgha
Makhleb
Nemelex Xobeh
Okawaru
Qazlal
Ru
Sif Muna
Uskayaw
Vehumet
Wu Jian
Yredelemnul
Zin
The Shining One

Shops:
D:3 [

Annotations:
D:3 1 runed translucent door, Crazy Yiuf
D:5 Menkaure


Innate Abilities, Weirdness & Mutations

You have extremely sharp teeth.
Your natural rate of healing is unusually fast.
When hurt, damage is shared between your health and your magic reserves.
Your bite disrupts and absorbs the magic of your enemies.
Potions cannot restore your health.
You occasionally shout uncontrollably at your foes.
You are covered in fur. (AC +1)
Your spells are a little easier to cast, but a little less powerful.


Message History

No target in view!
Done exploring.
As you read the scroll of identify, it crumbles to dust.
j - a scroll of vulnerability
As you read the scroll of identify, it crumbles to dust.
l - a potion of attraction You drop a scroll of vulnerability.
You drop a potion of attraction.
(D) Dungeon (T) Temple
Where to? (Enter - Temple @ (x,y), ? - help)
What level of the Dungeon? (default 1, ? - help)
There is an open door here.
There is an open door here.
There is an open door here.
There is an open door here.
There is a stone staircase leading down here.
You fly downwards.
Found the Octavo of Harmful Heat and a ring mail.
Found a stone staircase leading up.
There is a stone staircase leading up here.
You pick up the Octavo of Harmful Heat and begin reading...
You add the spells Static Discharge, Fireball and Fire Storm to your library.
Okay, then.
Menkaure, Prince of Dust comes into view.
Menkaure shouts!
You see here a wand of polymorph (6).
Menkaure is nearby!
Menkaure is nearby!
g - a wand of polymorph (6)
A quokka comes into view.
The quokka moves out of view.
Menkaure gestures wildly while chanting.
Menkaure seems to speed up.
Menkaure calls on the powers of darkness!
Your body is wracked with pain!
The quokka convulses!
You slash Menkaure! You bite Menkaure, but do no damage.
Menkaure is moderately damaged.
Menkaure hits you! Menkaure hits you!!
You die...
Your body crumbles into a pile of gold.

.
.....<................
....#.......##........
....##...#........#
... ##..#####....##
... #..# ##.....#..
..## #.......# ...
#....#### ..## #....#
... #@#### #.M.#
....r.# ......##.
...... . ...... .#
..... .# ..... ##


You could see Menkaure (fast) and a quokka.

Vanquished Creatures
  A howler monkey (D:4)
  A hound (D:4)
  An orc priest (D:3)
  An iguana (D:4)
  An orc wizard (D:3)
  6 adders
  3 dart slugs
  4 orcs (D:3)
  7 endoplasms
  6 giant cockroaches
  5 goblins
  3 hobgoblins
  3 jackals (D:1)
  7 quokkas
  7 ball pythons
  3 bats (D:2)
  A frilled lizard (D:2)
  3 kobolds
  4 rats
67 creatures vanquished.

Notes
Turn   | Place    | Note
-------+----------+-------------------------------------------
     0 | D:1      | qeuew the Vine Stalker Fighter began the quest for the Orb.
     0 | D:1      | Reached XP level 1. HP: 11/11 MP: 2/2
    39 | D:1      | Found a faded altar of an unknown god.
   197 | D:1      | Reached XP level 2. HP: 16/16 MP: 3/3
   468 | D:1      | Reached XP level 3. HP: 18/19 MP: 0/4
   804 | D:2      | Identified the +2 leather armour "Luiroheh" {rCorr Stlth+}
   983 | D:2      | You fall into a shaft and drop 1 floor!
  1250 | D:2      | Gained mutation: You are covered in fur. (AC +1) [potion of
                  | mutation]
  1250 | D:2      | Gained mutation: You have hidden genetic defects. [potion
                  | of mutation]
  1284 | D:3      | Reached skill level 1 in Spellcasting
  1284 | D:3      | Gained mutation: Your natural rate of healing is unusually
                  | fast. [Vine Stalker growth]
  1284 | D:3      | Reached XP level 4. HP: 2/24 MP: 4/6
  1291 | D:3      | Gained mutation: Your spells are a little easier to cast,
                  | but a little less powerful. [hidden defects]
  1333 | D:3      | Gained mutation: You occasionally shout uncontrollably at
                  | your foes. [hidden defects]
  1333 | D:3      | Lost mutation: You have hidden genetic defects. [hidden
                  | defects expressed]
  1339 | D:3      | Reached skill level 1 in Dodging
  1339 | D:3      | Reached XP level 5. HP: 23/28 MP: 3/8
  1491 | D:3      | Found a runed translucent door.
  1492 | D:3      | Noticed Crazy Yiuf
  1650 | D:3      | Found Voh Fox's Armour Shoppe.
  1978 | D:3      | Identified a scroll of acquirement
  1978 | D:3      | Acquired the +2 pair of gloves of the Wasteland {rElec rC+
                  | Str+3 Stlth+}
  2399 | D:4      | Found a staircase to the Ecumenical Temple.
  2418 | Temple   | Entered the Ecumenical Temple
  2604 | Temple   | Became a worshipper of Gozag Ym Sagoz the Greedy
  2803 | D:4      | Reached XP level 6. HP: 32/32 MP: 9/9
  3098 | D:5      | Entered Level 5 of the Dungeon
  3104 | D:5      | Got the Octavo of Harmful Heat
  3111 | D:5      | Noticed Menkaure
  3117 | D:5      | Slain by Menkaure

Illustrated notes

Levels and vault maps discovered:
D:1:      dpeg_arrival_solitude, layout_basic, ebering_ecumenical_altar_ruins
D:2:      layout_rooms, hangedman_decor_growths, st_stairs_13
D:3:      layout_loops_ring, serial_shops, nicolae_shop_window_shopping,
          uniq_crazy_yiuf_cottage
D:4:      layout_gridville, minmay_temple_entry_water_ring
D:5:      layout_cave_pools, kennysheep_pointless_box, uniq_menkaure
Temple:   dpeg_five_rooms_temple

Skill      XL: |  1  2  3  4  5 |
---------------+----------------+-----
Axes           | 2 3 |  3.4
Shields        | 3 |  3.4
Fighting       | 3 |  3.4
Spellcasting   | 1 |  1.9
Dodging        | 1 |  1.3
Armour         | 3 |  3.0

Action                   |  1- 3 |  4- 6 || total
-------------------------+-------+-------++-------
Melee: War axe           |    89 |    50 ||   139
       Bite              |    22 |    13 ||    35
  Use: Potion            |     6 |     1 ||     7
       Scroll            |     4 |     5 ||     9
Armor: Scale mail        |    42 |    13 ||    55
Dodge: Dodged            |    38 |    21 ||    59
Block: Buckler           |    27 |    15 ||    42

Table legend: (Time is in decaauts)
 A = Elapsed time spent in this place.
 B = Non-inter-level travel time spent in this place.
 C = Inter-level travel time spent in this place.
 D = Time resting spent in this place.
 E = Time spent auto-exploring this place.
 F = Levels seen in this place.
 G = Mean time per level.
                   A        B        C        D        E       F      G
               +--------+--------+--------+--------+--------+-----+--------+
         Total |   3172 |   2930 |    242 |      0 |   2431 |   6 |  528.7 |
       Dungeon |   2846 |   2744 |    102 |      0 |   2265 |   5 |  569.2 |
        Temple |    326 |    186 |    140 |      0 |    166 |   1 |  326.0 |
               +--------+--------+--------+--------+--------+-----+--------+

Top non-repeatable levels by time:
     D:3: 782 daAuts
     D:1: 780 daAuts
     D:4: 772 daAuts
     D:2: 491 daAuts
  Temple: 326 daAuts
     D:5: 18 daAuts
